 Dungeon Crawl Stone Soup version 0.29-a0-90-gc37658a0fe (webtiles) character file.

Game seed: 225088762575469243

3022 lordive the Blocker (level 9, -2/66 (74) HPs)
             Began as a Gnoll Fighter on Feb 7, 2022.
             Was a Follower of Okawaru.
             Slain by a hornet (12 damage)
             ... on level 8 of the Dungeon.
             The game lasted 00:16:21 (11088 turns).

lordive the Blocker (Gnoll Fighter)                Turns: 11088, Time: 00:16:22

HP:   -2/66 (74)    AC: 18    Str: 16    XL:     9   Next: 85%
MP:   15/15         EV:  6    Int: 12    God:    Okawaru [*.....]
Gold: 448           SH:  7    Dex: 11    Spells: 17/17 levels left

rFire   . . .      SeeInvis .   I - +0 short sword (drain)
rCold   . . .      Faith    .   C - +2 buckler
rNeg    . . .      Spirit   .   E - +0 plate armour
rPois   .          Reflect  .   p - +0 helmet
rElec   .          Harm     .   d - +0 cloak
rCorr   .          Rampage  .   (no gloves)
Will    +....                   A - +1 pair of boots
Stlth   ..........              (no amulet)
HPRegen 0.21/turn               y - ring of willpower
MPRegen 0.14/turn               (no ring)

@: about to teleport, heavily drained
A: fangs 1, strong nose, distributed training
a: Renounce Religion, Heroism


You were on level 8 of the Dungeon.
You worshipped Okawaru.
Okawaru was aware of your devotion.
You visited 2 branches of the dungeon, and saw 9 of its levels.

You collected 448 gold pieces.

Inventory:

Hand Weapons
 a - a +0 trident
 I - a +0 short sword of draining (weapon)
Missiles
 D - 21 arrows
 G - 5 boomerangs (quivered)
Armour
 b - a +0 scale mail
 d - a +0 cloak (worn)
 p - a +0 helmet (worn)
 A - a +1 pair of boots (worn)
 C - a +2 buckler (worn)
 E - a +0 plate armour (worn)
Jewellery
 l - a ring of magical power
 r - a ring of fire
 y - a ring of willpower (left hand)
Wands
 n - a wand of flame (53)
 x - a wand of polymorph (7)
 J - a wand of iceblast (7)
Scrolls
 c - a scroll of enchant armour {unknown}
 e - a scroll of acquirement {unknown}
 k - a scroll of enchant weapon {unknown}
 m - 2 scrolls of immolation
 o - 2 scrolls of blinking {unknown}
 q - a scroll of magic mapping {unknown}
 s - 2 scrolls of teleportation
 z - a scroll of fear {unknown}
 F - a scroll of fog {unknown}
 H - a scroll of vulnerability {unknown}
Potions
 f - a potion of brilliance
 g - 2 potions of mutation
 j - a potion of ambrosia
 t - a potion of magic
 u - a potion of cancellation {unknown}
 v - a potion of lignification {unknown}
 w - a potion of attraction {unknown}
 B - a potion of haste {unknown}


   Skills:
 + Level 8.1 Fighting
 + Level 4.6 Short Blades
 + Level 4.6 Long Blades
 + Level 4.6 Axes
 + Level 4.6 Maces & Flails
 + Level 6.6 Polearms
 + Level 4.6 Staves
 + Level 4.6 Slings
 + Level 4.6 Bows
 + Level 4.6 Crossbows
 + Level 4.6 Throwing
 + Level 8.1 Armour
 + Level 4.6 Dodging
 + Level 4.6 Stealth
 + Level 8.1 Shields
 + Level 4.6 Unarmed Combat
 + Level 4.6 Spellcasting
 + Level 3.8 Conjurations
 + Level 3.8 Hexes
 + Level 3.8 Summonings
 + Level 3.8 Necromancy
 + Level 3.8 Translocations
 + Level 3.8 Transmutations
 + Level 3.8 Fire Magic
 + Level 3.8 Ice Magic
 + Level 3.8 Air Magic
 + Level 3.8 Earth Magic
 + Level 3.8 Poison Magic
 + Level 5.1 Invocations
 + Level 4.6 Evocations


You had 17 spell levels left.
You didn't know any spells.
Your spell library contained the following spells:

 Spells                   Type           Power      Damage    Failure   Level
 Corpse Rot               Necr/Air       24%        N/A       96%         2
 Poisonous Vapours        Pois/Air       24%        N/A       96%         2
 Frozen Ramparts          Ice            24%        1d4       99%         3
 Ice Form                 Ice/Tmut       12%        N/A       100%        4
 Passage of Golubria      Tloc           12%        N/A       100%        4
 Silence                  Hex/Air        6%         N/A       100%        5
 Lehudib's Crystal Spear  Conj/Erth      6%         10d3      100%        8
 Summon Ice Beast         Ice/Summ       Unusable   N/A       N/A         4

Dungeon Overview and Level Annotations

Branches:
Dungeon (8/15)             Temple (1/1) D:5
   Lair: D:8-11

Altars:
Ashenzari
Cheibriados
Dithmenos
Elyvilon
Fedhas
Gozag
Hepliaklqana
Kikubaaqudgha
Makhleb
Nemelex Xobeh
Okawaru
Qazlal
Ru
Sif Muna
Trog
Uskayaw
Vehumet
Wu Jian
Xom
Yredelemnul
The Shining One

Shops:
D:3 **


Innate Abilities, Weirdness & Mutations

You have very sharp teeth.
Your uncanny sense of smell can sniff out nearby items.
Your experience applies equally to all skills.


Message History

You flicker for a moment.
You flicker back into view.
You block the hornet's attack. The hornet stings you.
* * * LOW HITPOINT WARNING * * *
You are lethally poisoned!
You feel yourself slow down.
You feel yourself speed up.
* * * LOW HITPOINT WARNING * * *
You feel very sick.
The hornet stings you but does no damage.
You feel better. The hornet stings you.
* * * LOW HITPOINT WARNING * * *
You are lethally poisoned!
You feel yourself slow down.
You close the door.
* * * LOW HITPOINT WARNING * * *
You feel very sick.
The hornet stings you but does no damage. x2
You block the hornet's attack. The gnoll barely misses you.
Unknown command.
You feel better.
You feel yourself speed up. The hornet barely misses you.
The gnoll hits you from afar with a +0 spear.
* * * LOW HITPOINT WARNING * * *
The hornet barely misses you.
Okay, then.
Okay, then.
As you read the scroll labelled GUCAQENEJACW, it crumbles to dust.
The creatures around you are filled with an inner flame!
It was a scroll of immolation.
You block the hornet's attack. The gnoll completely misses you.
It was a potion of magic.
Magic courses through your body.
The hornet stings you but does no damage.
You block the gnoll's attack. The hornet barely misses you.
As you read the scroll labelled USKOSER FIFE, it crumbles to dust.
You feel strangely unstable.
It was a scroll of teleportation.
The hornet stings you!
You die...

##############
#............####
#................
#................
#.g..............
#zgz.[...........
#######ygzgg...........
#.....@#########g######
#......+S....[........#
#..[...#..............'
######......#.............g#
#...........#....###########
#...........#....# .... ....
#...........+....#.......?..
#...........#....#..........
######......######..........


You could see a hornet (inner flame), a gnoll shaman (inner flame), 3 wights and
4 gnolls.

Vanquished Creatures
  Prince Ribbit (D:5)
  A steam dragon (D:7)
  A water moccasin (D:7)
  2 necrophages
  2 orc warriors
  3 ice beasts
  2 black bears
  A sky beast (D:5)
  2 ogres
  2 centaurs
  3 phantoms
  Blork the orc (D:6)
  3 scorpions
  3 killer bees (D:4)
  A centaur zombie (D:7)
  4 hounds
  A centaur skeleton (D:7)
  An orc priest (D:6)
  2 bullfrog skeletons (D:6)
  Natasha (thrice) (D:4)
  3 iguanas
  4 orc wizards
  A killer bee zombie (D:7)
  4 hound skeletons
  8 adders
  A howler monkey skeleton (D:6)
  2 adder zombies (D:5)
  2 worms
  2 dart slugs (D:3)
  16 orcs
  7 ball pythons
  2 endoplasms
  5 giant cockroaches
  9 goblins
  7 hobgoblins
  16 jackals
  3 quokkas
  3 bats
  3 frilled lizards (D:3)
  7 kobolds
  A rat (D:2)
145 creatures vanquished.

Vanquished Creatures (others)
  A worm (D:3)
1 creature vanquished.

Grand Total: 146 creatures vanquished

Notes
Turn   | Place    | Note
-------+----------+-------------------------------------------
     0 | D:1      | lordive the Gnoll Fighter began the quest for the Orb.
     0 | D:1      | Reached XP level 1. HP: 23/23 MP: 1/1
   259 | D:1      | Reached XP level 2. HP: 29/29 MP: 2/2
   269 | D:1      | Found a faded altar of an unknown god.
   780 | D:2      | Reached XP level 3. HP: 33/35 MP: 3/3
   824 | D:2      | Reached skill level 1 in Invocations
  1037 | D:2      | Reached skill level 1 in Short Blades
  1037 | D:2      | Reached skill level 1 in Long Blades
  1037 | D:2      | Reached skill level 1 in Axes
  1037 | D:2      | Reached skill level 1 in Maces & Flails
  1037 | D:2      | Reached skill level 1 in Staves
  1037 | D:2      | Reached skill level 1 in Slings
  1037 | D:2      | Reached skill level 1 in Bows
  1037 | D:2      | Reached skill level 1 in Crossbows
  1037 | D:2      | Reached skill level 1 in Throwing
  1037 | D:2      | Reached skill level 1 in Dodging
  1037 | D:2      | Reached skill level 1 in Stealth
  1037 | D:2      | Reached skill level 1 in Unarmed Combat
  1037 | D:2      | Reached skill level 1 in Spellcasting
  1037 | D:2      | Reached skill level 1 in Evocations
  1175 | D:2      | Reached XP level 4. HP: 40/41 MP: 5/5
  1686 | D:2      | Reached skill level 1 in Conjurations
  1686 | D:2      | Reached skill level 1 in Hexes
  1686 | D:2      | Reached skill level 1 in Summonings
  1686 | D:2      | Reached skill level 1 in Necromancy
  1686 | D:2      | Reached skill level 1 in Translocations
  1686 | D:2      | Reached skill level 1 in Transmutations
  1686 | D:2      | Reached skill level 1 in Fire Magic
  1686 | D:2      | Reached skill level 1 in Ice Magic
  1686 | D:2      | Reached skill level 1 in Air Magic
  1686 | D:2      | Reached skill level 1 in Earth Magic
  1686 | D:2      | Reached skill level 1 in Poison Magic
  2156 | D:3      | Reached XP level 5. HP: 13/47 MP: 6/6
  2684 | D:3      | Found Rootod's General Store.
  2787 | D:3      | Found Duorgheh's Assorted Antiques.
  3288 | D:4      | Reached XP level 6. HP: 6/53 MP: 8/8
  3652 | D:4      | Reached skill level 5 in Polearms
  3974 | D:4      | Noticed a necrophage
  3976 | D:4      | Found an ancient bone altar of Kikubaaqudgha.
  4001 | D:4      | Killed a necrophage
  4002 | D:4      | Reached XP level 7. HP: 57/59 MP: 10/10
  4445 | D:4      | Noticed Natasha
  4462 | D:4      | Killed Natasha
  4474 | D:4      | Noticed Natasha
  4483 | D:4      | Killed Natasha
  4838 | D:4      | Noticed Natasha
  4885 | D:4      | Killed Natasha
  5351 | D:5      | Entered Level 5 of the Dungeon
  5351 | D:5      | Noticed Prince Ribbit
  5618 | D:5      | Killed Prince Ribbit
  5619 | D:5      | Reached XP level 8. HP: 7/67 MP: 12/12
  6032 | D:5      | Found a basalt altar of Yredelemnul.
  6033 | D:5      | Found a broken altar of Ashenzari.
  6561 | D:5      | Found a staircase to the Ecumenical Temple.
  6674 | Temple   | Entered the Ecumenical Temple
  7054 | D:5      | Found a shadowy altar of Dithmenos.
  7214 | D:6      | Noticed Blork the orc
  7229 | D:6      | Killed Blork the orc
  7235 | D:6      | Reached XP level 9. HP: 47/72 MP: 14/14
  7394 | D:6      | Found a sacrificial altar of Ru.
  7395 | D:6      | Found a white marble altar of Elyvilon.
  7398 | D:6      | Found an opulent altar of Gozag.
  7865 | D:6      | Found an iron altar of Okawaru.
  7874 | D:6      | Became a worshipper of Warmaster Okawaru
  8795 | D:7      | HP: 2/74 [orc warrior (9)]
  8802 | D:7      | HP: 2/74 [orc warrior (1)]
  9661 | D:7      | Reached * piety under Okawaru
 10230 | D:7      | Reached skill level 5 in Invocations
 11049 | D:8      | Found a blossoming altar of Fedhas.
 11049 | D:8      | Noticed a hornet
 11058 | D:8      | Paralysed by a hornet for 3 turns
 11088 | D:8      | Slain by a hornet

Illustrated notes

Levels and vault maps discovered:
D:1:      dpeg_arrival_concentric_ovals, layout_basic,
          shapermc_ecumenical_altar_acropolis, serial_glass, glass_columns_c,
          glass_columns_b
D:2:      layout_loops_corners, st_stairs_10, kennysheep_cluttered_room,
          minmay_misc_feat_square
D:3:      minmay_octagon_keep, layout_loops_ring, serial_shops, shop,
          nicolae_shop_crystal, due_unseen_surprise
D:4:      layout_layer_cave, lemuel_crystal_altar, uniq_natasha
D:5:      nicolae_cairo_tiling_very_big, layout_cave_pools,
          grunt_dithmenos_smoke, jmf_multi_god_temple,
          minmay_temple_entry_enclosed_plants, uniq_prince_ribbit1
D:6:      layout_rooms, minitemple, okawaru_trees_2, uniq_blork_the_orc
D:7:      layout_basic, enter_bailey_4
D:8:      layout_gridville, fedhas_altar_2, uniq_pikel
Temple:   nicolae_temple_hex_pool

Skill      XL: |  1  2  3  4  5  6  7  8  9 |
---------------+----------------------------+-----
Invocations    | 1 2 3 4 5 |  5.1
Short Blades   | 1 2 3 4 |  4.6
Long Blades    | 1 2 3 4 |  4.6
Axes           | 1 2 3 4 |  4.6
Maces & Flails | 1 2 3 4 |  4.6
Staves         | 1 2 3 4 |  4.6
Slings         | 1 2 3 4 |  4.6
Bows           | 1 2 3 4 |  4.6
Crossbows      | 1 2 3 4 |  4.6
Throwing       | 1 2 3 4 |  4.6
Dodging        | 1 2 3 4 |  4.6
Stealth        | 1 2 3 4 |  4.6
Unarmed Combat | 1 2 3 4 |  4.6
Spellcasting   | 1 2 3 4 |  4.6
Evocations     | 1 2 3 4 |  4.6
Conjurations   | 1 2 3 |  3.8
Hexes          | 1 2 3 |  3.8
Summonings     | 1 2 3 |  3.8
Necromancy     | 1 2 3 |  3.8
Translocations | 1 2 3 |  3.8
Transmutations | 1 2 3 |  3.8
Fire Magic     | 1 2 3 |  3.8
Ice Magic      | 1 2 3 |  3.8
Air Magic      | 1 2 3 |  3.8
Earth Magic    | 1 2 3 |  3.8
Poison Magic   | 1 2 3 |  3.8
Polearms       | 5 6 |  6.6
Fighting       | 7 8 |  8.1
Armour         | 7 8 |  8.1
Shields        | 7 8 |  8.1

Action                   |  1- 3 |  4- 6 |  7- 9 || total
-------------------------+-------+-------+-------++-------
Melee: Trident           |   113 |   190 |   623 ||   926
       Bite              |     2 |    19 |    61 ||    82
       Unarmed           |       |       |     4 ||     4
       Short sword       |       |       |     2 ||     2
  Use: Potion            |       |       |     7 ||     7
       Scroll            |       |       |     7 ||     7
 Stab: Invisible         |       |       |     3 ||     3
Armor: Scale mail        |    53 |    59 |   259 ||   371
       Skin              |       |       |    13 ||    13
       Plate armour      |       |       |    48 ||    48
Dodge: Dodged            |    47 |    74 |   254 ||   375
Block: Buckler           |    19 |    50 |   196 ||   265

Table legend: (Time is in decaauts)
 A = Elapsed time spent in this place.
 B = Non-inter-level travel time spent in this place.
 C = Inter-level travel time spent in this place.
 D = Time resting spent in this place.
 E = Time spent auto-exploring this place.
 F = Levels seen in this place.
 G = Mean time per level.
                   A        B        C        D        E       F      G
               +--------+--------+--------+--------+--------+-----+--------+
         Total |  11151 |  10751 |    400 |   1354 |   7431 |   9 | 1239.0 |
       Dungeon |  10968 |  10674 |    294 |   1354 |   7367 |   8 | 1371.0 |
        Temple |    182 |     77 |    105 |      0 |     64 |   1 |  182.0 |
               +--------+--------+--------+--------+--------+-----+--------+

Top non-repeatable levels by time:
     D:4: 2173 daAuts
     D:7: 1894 daAuts
     D:5: 1712 daAuts
     D:6: 1642 daAuts
     D:3: 1457 daAuts
     D:2: 1212 daAuts
     D:1: 767 daAuts
  Temple: 182 daAuts
     D:8: 109 daAuts
